 Dungeon Crawl Stone Soup version 0.25-a0-565-g8875c97ebb (webtiles) character file.

Game seed: 581750942594652656, levelgen mode: deterministic

2197 MisterFreud the Nimble (level 9, 0/45 HPs)
             Began as a Felid Skald on Feb 26, 2020.
             Was a Believer of Ru.
             Slain by an unseen horror (9 damage)
             ... on level 10 of the Dungeon.
             The game lasted 00:31:49 (13688 turns).

MisterFreud the Nimble (Felid Skald)               Turns: 13688, Time: 00:31:50

Health: 0/45       AC:  3    Str:  7    XL:     9   Next: 12%
Magic:  11/11      EV: 28    Int: 17    God:    Ru [**....]
Gold:   584        SH:  0    Dex: 17    Spells: 6/12 levels left
                                        Lives:  0   Deaths: 3

rFire    . . .     SeeInvis +     - Unarmed
rCold    . . .     Gourm    .   (shield unavailable)
rNeg     . . .     Faith    +   (armour unavailable)
rPois    .         Spirit   .   (helmet unavailable)
rElec    .         Reflect  .   (cloak unavailable)
rCorr    +         Harm     .   (gloves unavailable)
MR       +....                  (boots unavailable)
Stlth    +++.......             c - amulet of faith
HPRegen  0.15/turn              h - ring of resist corrosion
MPRegen  0.12/turn              e - +1 ring of protection

@: quick
A: very small, no armour, no weapons or thrown items, stealth, claws 1, fangs 3,
see invisible, carnivore, speed 1, low mp 1, shaggy fur 2, slow metabolism 1,
hated by all, sharp paws
a: Renounce Religion


You were on level 10 of the Dungeon.
You worshipped Ru.
Ru was pleased with you.
You were full.

You visited 1 branch of the dungeon, and saw 10 of its levels.

You collected 584 gold pieces.

Inventory:

Jewellery
 c - an amulet of faith (around neck)
 e - a +1 ring of protection (right paw)
 h - a ring of resist corrosion (left paw)
 p - a +3 ring of intelligence
Wands
 l - a wand of iceblast (16)
 q - a wand of polymorph (5)
 r - a wand of flame (18)
 x - a wand of random effects (8)
 y - a wand of digging (3)
Scrolls
 g - a scroll of fog
 j - 2 scrolls of magic mapping
 n - a scroll of amnesia
 s - a scroll of teleportation
 u - a scroll of identify
 v - 4 scrolls of remove curse
 w - 2 scrolls of fear {unknown}
Potions
 a - a potion of resistance {unknown}
 d - a potion of berserk rage {unknown}
 i - 2 potions of curing
 k - 4 potions of brilliance {unknown}
 m - a potion of magic {unknown}
 o - a potion of ambrosia {unknown}
 t - 2 potions of cancellation {unknown}
Comestibles
 b - 29 rations


   Skills:
 + Level 9.3 Fighting
 - Level 12.0 Dodging
 - Level 5.1 Stealth
 + Level 9.8 Unarmed Combat
 - Level 2.0 Spellcasting
 - Level 5.2 Charms
 - Level 5.1 Translocations


You had 6 spell levels left.
You knew the following spells:

 Your Spells              Type           Power        Failure   Level  Hunger
a - Infusion              Chrm           ###.         2%          1    #......
b - Shroud of Golubria    Chrm/Tloc      ###...       3%          2    ###....
c - Ozocubu's Armour      Chrm/Ice       ##......     21%         3    ###....

Your spell library contained the following spells:

 Spells                   Type           Power        Failure   Level  Hunger
 Song of Slaying          Chrm           ###.....     3%          2    ###....
 Spectral Weapon          Hex/Chrm       Unusable     N/A         3    N/A

Dungeon Overview and Level Annotations

Branches:
Dungeon (10/15)            Temple (0/1) D:6            Lair (0/6) D:10
    Orc (0/2) D:9

Altars:
Ashenzari
Cheibriados
Makhleb
Nemelex Xobeh
Qazlal
Ru
Vehumet
Zin
The Shining One

Shops:
D:8 *

Annotations:
D:3 2 transporters


Innate Abilities, Weirdness & Mutations

You cannot wear armour.
You are incapable of wielding weapons or throwing items.
Your paws allow you to move quietly. (Stealth)
You have sharp claws.
You have razor-sharp teeth.
You have supernaturally acute eyesight. (SInv)
You are carnivorous and can eat meat at any time.
You cover ground quickly.
Your magical capacity is low. (-10% MP)
You are covered in thick fur. (AC +2)
You have a slow metabolism.
You are hated by all.
Your sharp claws are effective at attacking unaware monsters.


Message History

The unseen horror completely misses you.
The unseen horror closely misses you. The unseen horror closely misses you.
The unseen horror misses you. The unseen horror closely misses you.
The unseen horror hits you but does no damage.
The unseen horror misses you. The unseen horror misses you.
The unseen horror completely misses you.
The unseen horror misses you. The unseen horror misses you.
The unseen horror completely misses you.
The unseen horror completely misses you.
The unseen horror completely misses you.
The unseen horror closely misses you.
The unseen horror completely misses you.
The unseen horror misses you. The unseen horror closely misses you.
The unseen horror barely misses you. The unseen horror hits you!
You die...

###.#.#######...#######.#
#...........#.........#
###.#########....######.#
....# ###.........# #####
#..######.### #..# #...#
#..# # #.#.### #..##
#...#...# ##.@x#
#.#####.#
##.###.##...#...# #.##
#.###.#.### #.# #..##...#
#.## ##......##
##.###.#.#####
#.##...##.# #...####.#
#...# #.#


You could see an unseen horror (invisible).

Vanquished Creatures
  A two-headed ogre (D:8)
  An unseen horror (D:10)
  Joseph (D:10)
  Psyche (D:8)
  A kobold demonologist (D:9)
  3 hippogriffs
  Sigmund (D:5)
  A spriggan (D:7)
  A hungry ghost (D:9)
  A water moccasin (D:8)
  A black bear (D:9)
  3 ice beasts
  2 orc warriors
  A necrophage (D:6)
  4 sky beasts
  3 phantoms
  5 ogres
  9 centaurs
  Blork the orc (D:5)
  4 bullfrogs
  3 scorpions
  4 killer bees (D:9)
  4 wights (D:9)
  A howler monkey (D:8)
  5 crimson imps
  2 centaur zombies
  2 bullfrog zombies
  3 centaur skeletons
  6 hounds
  4 orc priests
  3 bullfrog skeletons
  5 orc wizards
  An iguana (D:6)
  Ijyb (D:4)
  4 worker ants
  A hound zombie (D:6)
  2 hound skeletons
  A worker ant zombie (D:5)
  11 gnolls
  5 adders
  5 shadow imps
  2 oozes
  2 adder zombies (D:8)
  2 worms
  5 leopard geckos
  30 orcs
  12 bats
  8 giant cockroaches
  6 goblins
  8 hobgoblins
  12 jackals
  A quokka (D:5)
  A ball python (D:1)
  3 frilled lizards
  7 kobolds
  A leopard gecko zombie (D:5)
  A quokka zombie (D:7)
  6 rats
225 creatures vanquished.

Vanquished Creatures (others)
  A wight (D:9)
  An orc (D:7)
2 creatures vanquished.

Grand Total: 227 creatures vanquished

Notes
Turn   | Place    | Note
-------+----------+-------------------------------------------
     0 | D:1      | MisterFreud the Felid Skald began the quest for the Orb.
     0 | D:1      | Reached XP level 1. HP: 9/9 MP: 4/4
    80 | D:1      | Found a shattered altar of Ashenzari.
   214 | D:1      | Reached XP level 2. HP: 3/13 MP: 1/6
   422 | D:1      | Learned a level 2 spell: Shroud of Golubria
  1494 | D:2      | Reached XP level 3. HP: 13/17 MP: 1/7
  1740 | D:2      | Learned a level 3 spell: Ozocubu's Armour
  2305 | D:3      | You fall into a shaft and drop 2 floors!
  2305 | D:5      | Entered Level 5 of the Dungeon
  2410 | D:4      | Noticed a phantom
  2444 | D:3      | Reached skill level 4 in Dodging
  2444 | D:3      | Reached XP level 4. HP: 14/22 MP: 1/8
  2763 | D:3      | Found a transporter.
  2881 | D:3      | Found a transporter.
  2948 | D:3      | Found a glowing silver altar of Zin.
  2949 | D:3      | Found a snail-covered altar of Cheibriados.
  2950 | D:3      | Found a sacrificial altar of Ru.
  2951 | D:3      | Found a radiant altar of Vehumet.
  2952 | D:3      | Found a stormy altar of Qazlal.
  2964 | D:3      | Became a worshipper of Ru the Awakened
  3061 | D:3      | Reached skill level 5 in Dodging
  3117 | D:3      | HP: 1/22 [orc wizard/puff of flame (11)]
  3146 | D:2      | Reached XP level 5. HP: 6/25 MP: 4/9
  3701 | D:4      | Reached skill level 6 in Dodging
  4756 | D:3      | Reached skill level 7 in Dodging
  4851 | D:3      | Gained mutation: You are covered in thick fur. (AC +2)
                  | [Felid growth]
  4851 | D:3      | Reached XP level 6. HP: 18/28 MP: 3/10
  5793 | D:5      | Reached skill level 8 in Dodging
  5800 | D:5      | Reached skill level 1 in Stealth
  5833 | D:5      | Noticed Blork the orc
  5904 | D:5      | Noticed a sky beast
  5922 | D:5      | Killed a sky beast
  5979 | D:5      | HP: 1/42 [ogre/+0 giant club (20)]
  5980 | D:5      | Slain by an ogre
  5981 | D:5      | Reached XP level 5. HP: -5/37 MP: 9/9
  6022 | D:5      | Reached XP level 6. HP: 16/28 MP: 10/10
  6188 | D:5      | Gained mutation: Your magical capacity is low. (-10% MP)
                  | [Ru sacrifice]
  6427 | D:5      | Reached skill level 5 in Stealth
  6427 | D:5      | Reached XP level 7. HP: 13/32 MP: 0/10
  6595 | D:5      | Noticed Sigmund
  6609 | D:5      | Killed Sigmund
  6609 | D:5      | Reached skill level 5 in Unarmed Combat
  6944 | D:5      | Killed Blork the orc
  7307 | D:5      | Found a sparkling altar of Nemelex Xobeh.
  7348 | D:6      | Reached skill level 9 in Dodging
  7375 | D:6      | Reached XP level 8. HP: 9/36 MP: 1/10
  7667 | D:6      | Reached skill level 10 in Dodging
  7863 | D:6      | Reached skill level 11 in Dodging
  8034 | D:6      | Found a staircase to the Ecumenical Temple.
  8039 | D:6      | Found a burning altar of Makhleb.
  8210 | D:6      | Reached skill level 12 in Dodging
  8767 | D:6      | Reached skill level 5 in Charms
  8778 | D:6      | Gained mutation: You are hated by all. [Ru sacrifice]
  8778 | D:6      | Reached * piety under Ru
  8778 | D:6      | Reached ** piety under Ru
  8853 | D:6      | Reached skill level 1 in Translocations
  8995 | D:4      | Noticed Ijyb
  9009 | D:4      | Killed Ijyb
  9018 | D:4      | Reached XP level 9. HP: 32/39 MP: 3/11
  9389 | D:7      | Reached skill level 5 in Translocations
  9957 | D:7      | Found a glowing golden altar of the Shining One.
  9992 | D:7      | Reached skill level 5 in Fighting
 10440 | D:8      | Noticed Psyche
 10465 | D:8      | Killed Psyche
 10704 | D:8      | Noticed a two-headed ogre
 10851 | D:8      | Reached XP level 10. HP: 23/46 MP: 12/12
 11073 | D:8      | Killed a two-headed ogre
 11543 | D:8      | Found Plog's Elemental Accessories.
 12046 | D:9      | Found a snail-covered altar of Cheibriados.
 12328 | D:9      | Found a staircase to the Orcish Mines.
 12358 | D:10     | Entered Level 10 of the Dungeon
 12358 | D:10     | Noticed Joseph
 12372 | D:10     | Killed Joseph
 12880 | D:9      | Noticed a sun demon
 13405 | D:10     | Noticed a two-headed ogre
 13418 | D:10     | HP: 1/49 [two-headed ogre/+0 giant spiked club (20)]
 13418 | D:10     | Annihilated by a two-headed ogre
 13419 | D:10     | Reached XP level 9. HP: -25/45 MP: 6/11
 13438 | D:10     | Found a staircase to the Lair.
 13448 | D:10     | Noticed an unseen horror
 13480 | D:10     | Noticed an unseen horror
 13513 | D:10     | Killed an unseen horror
 13513 | D:10     | Reached XP level 10. HP: 29/49 MP: 9/12
 13536 | D:10     | Slain by an unseen horror
 13537 | D:10     | Reached XP level 9. HP: -4/45 MP: 4/11
 13688 | D:10     | Slain by an unseen horror

Levels and vault maps discovered:
D:1:      wheals_arrival_linesprint, layout_rooms,
          hangedman_abyss_or_decor_lesser_grid, nicolae_ashenzari_panopticon
D:2:      layout_loops_cross
D:3:      gammafunk_wand_slinger, layout_basic, minitemple
D:4:      layout_basic, uniq_ijyb
D:5:      wad_crossroads, layout_basic, first_ration,
          hangedman_abyss_or_decor_stagger, nemelex_dance_club_becter,
          uniq_blork_the_orc, uniq_sigmund
D:6:      layout_rooms, makhleb_blood_cavern_becter,
          minmay_temple_entry_antechambers
D:7:      layout_basic, kennysheep_mini, st_stairs_5, the_bakery, dk_vineyard_2
D:8:      layout_loops_ring, nicolae_elemental_shop, uniq_psyche
D:9:      layout_irregular_city, orc_0_dummy, cheibrodos_worm_habitat
D:10:     kennysheep_ambush_hall, layout_loops_ring, lair_entry_dummy,
          uniq_maggie, uniq_joseph

Skill      XL: |  1  2  3  4  5  6  7  8  9 10 |
---------------+-------------------------------+-----
Fighting       | 3 4 6 9 |  9.3
Dodging        | 4 5 7 8 9 12 | 12.0
Stealth        | 5 |  5.1
Unarmed Combat | 4 5 7 9 |  9.8
Charms         | 5 |  5.2
Translocations | 2 5 |  5.1
Spellcasting   | |  2.0

Action                   |  1- 3 |  4- 6 |  7- 9 | 10-12 || total
-------------------------+-------+-------+-------+-------++-------
Melee: Unarmed           |   149 |   386 |   606 |   220 ||  1361
       Bite              |     8 |    27 |    63 |    16 ||   114
       Punch             |       |     2 |    17 |     4 ||    23
 Cast: Infusion          |    17 |    15 |    19 |    13 ||    64
       Shroud of Golubri |    10 |    30 |    31 |    16 ||    87
Invok: Sacrifice Essence |       |     1 |       |       ||     1
       Sacrifice Love    |       |       |     1 |       ||     1
       Reject Sacrifices |       |       |     1 |       ||     1
Evoke: Wand              |       |       |       |     4 ||     4
  Use: Scroll            |     2 |     7 |     3 |     1 ||    13
       Potion            |       |     6 |     1 |       ||     7
 Stab: Sleeping          |     7 |     1 |    17 |     7 ||    32
       Distracted        |       |       |     2 |       ||     2
       Invisible         |       |       |     1 |       ||     1
  Eat: Chunk             |    10 |    16 |    21 |     5 ||    52
Armor: Skin              |    13 |    31 |    22 |     9 ||    75
Dodge: Dodged            |   117 |   359 |   605 |   219 ||  1300

Table legend:
 A = Non-vault XP
 B = Vault XP
 C = Vault XP percentage of total XP
 D = Non-vault monster count
 E = Vault monster count
 F = Vault count percentage of total count
                 A         B        C        D         E       F
            +---------+---------+-------+---------+---------+-------
      Total |    9694 |    1908 |  16.4 |     212 |      14 |   6.2
            +---------+---------+-------+---------+---------+-------
        D:1 |      30 |       0 |   0.0 |      21 |       0 |   0.0
        D:2 |      80 |       0 |   0.0 |      24 |       0 |   0.0
        D:3 |     197 |       0 |   0.0 |      27 |       0 |   0.0
        D:4 |     306 |      32 |   9.5 |      10 |       1 |   9.1
        D:5 |     519 |     550 |  51.4 |      17 |       5 |  22.7
        D:6 |    1439 |     146 |   9.2 |      32 |       2 |   5.9
        D:7 |    1253 |     261 |  17.2 |      22 |       3 |  12.0
        D:8 |    2618 |     454 |  14.8 |      22 |       1 |   4.3
        D:9 |    2249 |       5 |   0.2 |      30 |       1 |   3.2
       D:10 |    1003 |     460 |  31.4 |       7 |       1 |  12.5
            +---------+---------+-------+---------+---------+-------
